Lightning vs Canucks

Created - February 1 2012 at 18:55

Goals
1 2 3 T
Lightning 1 0 1 2
Canucks 2 1 0 3
Shots
1 2 3 T
Lightning 14 11 10 35
Canucks 9 4 6 19

Period #1

1. Lightning , R.J. Umberger 13 (Teddy Purcell, Scott Hartnell) at 1:37
2. Canucks , Brooks Laich 16 (David Backes, Dmitry Kulikov) at 13:17 (PP)
3. Canucks , Corey Perry 33 (Erik Karlsson, James van Riemsdyk) at 16:27

Penalties :
Dmitry Kulikov (VAN) for Roughing (Minor) at 7:01, Martin Havlat (TBL) for Slashing (Minor) at 11:27, Kris Russell (VAN) for Roughing (Minor) at 14:15, Brooks Laich (VAN) for Hooking (Minor) at 19:25

Period #2

4. Canucks , Phil Kessel 22 (Corey Perry, Erik Karlsson) at 12:22 (PP)

Penalties :
Erik Karlsson (VAN) for Roughing (Minor) at 8:42, Maxime Talbot (TBL) for Tripping (Minor) at 11:08, Corey Perry (VAN) for Tripping (Minor) at 14:00

Period #3

5. Lightning , R.J. Umberger 14 (Scott Hartnell, Teddy Purcell) at 2:40

Penalties :
Alex Pietrangelo (VAN) for Holding Stick (Minor) at 15:10, Tomas Plekanec (TBL) for Boarding (Minor) at 18:52

Goalie Stats

Cory Schneider (TBL), 16 saves from 19 shots - (0.842), L, 19-13-3, 60:00 minutes
Henrik Lundqvist (VAN), 33 saves from 35 shots - (0.943), W, 28-11-4, 60:00 minutes

Players Stats

Lightning
Player Name              G  A  P  +/- PIM S  H  SB FO    MP 
------------------------------------------------------------
Andrej Meszaros          0  0  0   0  0   2  2  1  0/0   21 
Barret Jackman           0  0  0   1  0   0  0  3  0/0   18 
Brent Seabrook           0  0  0   0  0   1  1  3  0/0   24 
Josh Gorges              0  0  0  -1  0   0  1  0  0/0   18 
Marcel Goc               0  0  0   0  0   0  0  0  6/8   8  
Marek Zidlicky           0  0  0   0  0   1  2  1  0/0   20 
Martin Havlat            0  0  0   0  2   1  0  0  2/3   19 
Martin St. Louis         0  0  0   0  0   3  0  0  0/0   16 
Maxime Talbot            0  0  0   0  2   0  2  0  1/2   10 
Nick Spaling             0  0  0   0  0   0  1  0  0/0   8  
Patrick Kane             0  0  0   0  0   4  0  0  1/3   15 
Patrick Sharp            0  0  0   0  0   8  2  1  1/1   20 
Paul Stastny             0  0  0   0  0   5  6  1  16/28 19 
R.J. Umberger            2  0  2   1  0   3  0  0  7/14  16 
Scott Hartnell           0  2  2   1  0   5  2  0  0/0   16 
Teddy Purcell            0  2  2   1  0   1  0  0  0/0   14 
Tim Gleason              0  0  0   2  0   0  2  2  0/0   20 
Tomas Plekanec           0  0  0   0  2   1  2  0  11/17 15 
Canucks
Player Name              G  A  P  +/- PIM S  H  SB FO    MP 
------------------------------------------------------------
Alex Pietrangelo         0  0  0   0  2   0  2  0  0/0   14 
Brandon Sutter           0  0  0  -2  0   0  1  0  10/21 19 
Brooks Laich             1  0  1   0  2   3  0  0  6/14  13 
Corey Perry              1  1  2   1  2   4  1  0  0/0   16 
David Backes             0  1  1   0  0   2  1  0  0/0   13 
Dmitry Kulikov           0  1  1  -2  2   0  1  2  0/0   15 
Duncan Keith             0  0  0   0  0   1  0  3  0/0   23 
Erik Karlsson            0  2  2   1  2   1  2  2  0/0   17 
Fedor Tyutin             0  0  0  -2  0   0  1  0  0/0   20 
James van Riemsdyk       0  1  1   1  0   2  4  0  0/1   17 
Jannik Hansen            0  0  0   0  0   0  1  2  0/0   12 
Kris Russell             0  0  0   0  2   0  0  1  0/0   10 
Loui Eriksson            0  0  0   0  0   1  0  0  0/1   18 
Matthew Carle            0  0  0   1  0   2  2  1  0/0   21 
Phil Kessel              1  0  1   1  0   1  1  0  7/21  16 
Ryan OReilly             0  0  0   0  0   0  1  0  6/15  12 
Tomas Holmstrom          0  0  0  -2  0   1  1  0  2/2   14 
Valtteri Filppula        0  0  0  -2  0   1  2  0  0/1   19 

3 Stars

1 - R.J. Umberger (TBL)
2 - Scott Hartnell (TBL)
3 - Corey Perry (VAN)

Power Play

Lightning - 0 on 6 Attempt(s) - 0.00%
Canucks - 2 on 3 Attempt(s) - 66.67%

Penalty Kill

Lightning - 1 on 3 Attempt(s) - 33.33% - Score 0 goal in Penalty Kill
Canucks - 6 on 6 Attempt(s) - 100.00% - Score 0 goal in Penalty Kill

Game Notes

No Game Note

Finance

Level 1 -- Attendance: 6500 (100.00%) -- Ticket Income $520,000.00
Level 2 -- Attendance: 3424 (68.48%) -- Ticket Income $222,560.00
Level 3 -- Attendance: 2170 (62.00%) -- Ticket Income $108,500.00
Level 4 -- Attendance: 1703 (59.55%) -- Ticket Income $42,575.00
Luxury Box -- Attendance: 613 (61.30%) -- Ticket Income $153,250.00
Game was played at the Rogers Arena
Total Attendance: 14410 (76.41%)
Total Ticket Income: $1,092,691.00
Other Income: $219,969.60
Total Income: $1,312,661.00


Play by Play

Period #1

0:01 of 1st period - Tomas Plekanec wins face-off versus Phil Kessel in neutral zone.
0:01 of 1st period - Patrick Kane is hit by James van Riemsdyk and loses puck.
0:22 of 1st period - Shot by Martin St. Louis.
0:22 of 1st period - Shot Misses the Net.
1:07 of 1st period - Shot by Paul Stastny.
1:07 of 1st period - Stopped by Henrik Lundqvist without a rebound.
1:08 of 1st period - R.J. Umberger wins face-off versus Valtteri Filppula in Canucks zone.
1:09 of 1st period - Shot by Teddy Purcell.
1:09 of 1st period - Stopped by Henrik Lundqvist with a rebound.
1:37 of 1st period - Shot by R.J. Umberger.
1:37 of 1st period - Goal by R.J. Umberger - Lightning : 1 - Canucks : 0.
1:38 of 1st period - Paul Stastny wins face-off versus Brooks Laich in neutral zone.
1:48 of 1st period - Alex Pietrangelo is hit by Paul Stastny and loses puck.
2:09 of 1st period - Icing by Alex Pietrangelo.
2:10 of 1st period - Marcel Goc wins face-off versus Brooks Laich in Canucks zone.
3:11 of 1st period - Shot by Brandon Sutter.
3:11 of 1st period - Shot Misses the Net.
3:20 of 1st period - Scott Hartnell is hit by Fedor Tyutin and loses puck.
3:53 of 1st period - Paul Stastny is hit by Brandon Sutter and loses puck.
4:07 of 1st period - Patrick Sharp is hit by Dmitry Kulikov.
4:13 of 1st period - Shot by Paul Stastny.
4:13 of 1st period - Shot Misses the Net.
4:17 of 1st period - Shot by Paul Stastny.
4:17 of 1st period - Stopped by Henrik Lundqvist without a rebound.
4:18 of 1st period - Phil Kessel wins face-off versus Tomas Plekanec in Canucks zone.
4:51 of 1st period - Shot by Patrick Kane.
4:51 of 1st period - Stopped by Henrik Lundqvist with a rebound.
4:53 of 1st period - Shot by Andrej Meszaros.
4:53 of 1st period - Stopped by Henrik Lundqvist without a rebound.
4:54 of 1st period - R.J. Umberger wins face-off versus Brooks Laich in Canucks zone.
5:06 of 1st period - Shot by R.J. Umberger.
5:06 of 1st period - Shot Misses the Net.
5:08 of 1st period - Shot by Scott Hartnell.
5:08 of 1st period - Deflect By R.J. Umberger.
5:08 of 1st period - Stopped by Henrik Lundqvist without a rebound.
5:09 of 1st period - Paul Stastny wins face-off versus Ryan OReilly in Canucks zone.
6:29 of 1st period - Shot by Phil Kessel.
6:29 of 1st period - Shot Misses the Net.
6:31 of 1st period - Shot by Erik Karlsson.
6:31 of 1st period - Stopped by Cory Schneider without a rebound.
6:32 of 1st period - Tomas Plekanec wins face-off versus Phil Kessel in Lightning zone.
6:36 of 1st period - Martin St. Louis is hit by James van Riemsdyk and loses puck.
6:41 of 1st period - Shot by Corey Perry.
6:41 of 1st period - Stopped by Cory Schneider without a rebound.
6:42 of 1st period - Brandon Sutter wins face-off versus Marcel Goc in Lightning zone.
6:43 of 1st period - Shot by Dmitry Kulikov.
6:43 of 1st period - Shot Misses the Net.
6:46 of 1st period - Icing by Andrej Meszaros.
6:47 of 1st period - Marcel Goc wins face-off versus Brandon Sutter in Lightning zone.
6:47 of 1st period - Marcel Goc is hit by Valtteri Filppula.
6:56 of 1st period - Icing by Fedor Tyutin.
6:57 of 1st period - Paul Stastny wins face-off versus Brandon Sutter in Canucks zone.
7:01 of 1st period - Minor Penalty to Dmitry Kulikov for Roughing.
7:02 of 1st period - Tomas Plekanec wins face-off versus Brandon Sutter in Canucks zone.
7:11 of 1st period - Shot by Martin St. Louis.
7:11 of 1st period - Stopped by Henrik Lundqvist without a rebound.
7:12 of 1st period - Paul Stastny wins face-off versus Ryan OReilly in Canucks zone.
7:27 of 1st period - Shot by Patrick Sharp.
7:27 of 1st period - Shot Misses the Net.
7:29 of 1st period - Shot by Patrick Sharp.
7:29 of 1st period - Stopped by Henrik Lundqvist without a rebound.
7:30 of 1st period - Tomas Plekanec wins face-off versus Brandon Sutter in Canucks zone.
8:35 of 1st period - Andrej Meszaros is hit by Jannik Hansen and loses puck.
9:06 of 1st period - Shot by Phil Kessel.
9:06 of 1st period - Shot Blocked by Barret Jackman.
10:54 of 1st period - Shot by Valtteri Filppula.
10:54 of 1st period - Shot Misses the Net.
10:56 of 1st period - Shot by Tomas Holmstrom.
10:56 of 1st period - Shot Misses the Net.
10:58 of 1st period - Shot by Valtteri Filppula.
10:58 of 1st period - Shot Misses the Net.
11:06 of 1st period - Shot by Brandon Sutter.
11:06 of 1st period - Shot Blocked by Brent Seabrook.
11:08 of 1st period - Shot by Valtteri Filppula.
11:08 of 1st period - Stopped by Cory Schneider without a rebound.
11:09 of 1st period - Paul Stastny wins face-off versus Phil Kessel in Lightning zone.
11:09 of 1st period - Patrick Sharp is hit by James van Riemsdyk and loses puck.
11:15 of 1st period - Off-side.
11:16 of 1st period - Paul Stastny wins face-off versus Ryan OReilly in neutral zone.
11:23 of 1st period - Loui Eriksson is hit by Paul Stastny and loses puck.
11:27 of 1st period - Minor Penalty to Martin Havlat for Slashing.
11:28 of 1st period - R.J. Umberger wins face-off versus Brooks Laich in Lightning zone.
11:45 of 1st period - Shot by Dmitry Kulikov.
11:45 of 1st period - Shot Blocked by Barret Jackman.
11:47 of 1st period - Shot by Brooks Laich.
11:47 of 1st period - Stopped by Cory Schneider with a rebound.
11:49 of 1st period - Shot by Alex Pietrangelo.
11:49 of 1st period - Shot Misses the Net.
12:03 of 1st period - Shot by Brooks Laich.
12:03 of 1st period - Shot Blocked by Tim Gleason.
13:05 of 1st period - Shot by Alex Pietrangelo.
13:05 of 1st period - Shot Blocked by Marek Zidlicky.
13:07 of 1st period - Shot by Brooks Laich.
13:07 of 1st period - Shot Misses the Net.
13:09 of 1st period - Shot by Alex Pietrangelo.
13:09 of 1st period - Shot Misses the Net.
13:11 of 1st period - Shot by James van Riemsdyk.
13:11 of 1st period - Stopped by Cory Schneider with a rebound.
13:15 of 1st period - Shot by David Backes.
13:15 of 1st period - Shot Misses the Net.
13:17 of 1st period - Shot by Brooks Laich.
13:17 of 1st period - Goal by Brooks Laich - Lightning : 1 - Canucks : 1.
13:18 of 1st period - Brandon Sutter wins face-off versus R.J. Umberger in neutral zone.
14:15 of 1st period - Minor Penalty to Kris Russell for Roughing.
14:16 of 1st period - Martin Havlat wins face-off versus Ryan OReilly in Canucks zone.
14:25 of 1st period - Shot by Paul Stastny.
14:25 of 1st period - Stopped by Henrik Lundqvist without a rebound.
14:26 of 1st period - Ryan OReilly wins face-off versus Tomas Plekanec in Canucks zone.
14:47 of 1st period - Shot by Tomas Plekanec.
14:47 of 1st period - Stopped by Henrik Lundqvist without a rebound.
14:48 of 1st period - Paul Stastny wins face-off versus Brandon Sutter in Canucks zone.
15:01 of 1st period - Shot by Patrick Sharp.
15:01 of 1st period - Deflect By Paul Stastny.
15:01 of 1st period - Stopped by Henrik Lundqvist without a rebound.
15:02 of 1st period - Patrick Sharp wins face-off versus Ryan OReilly in Canucks zone.
15:13 of 1st period - Shot by Patrick Sharp.
15:13 of 1st period - Stopped by Henrik Lundqvist with a rebound.
15:15 of 1st period - Shot by Patrick Sharp.
15:15 of 1st period - Shot Misses the Net.
15:19 of 1st period - Shot by Martin St. Louis.
15:19 of 1st period - Shot Misses the Net.
16:05 of 1st period - Shot by Scott Hartnell.
16:05 of 1st period - Stopped by Henrik Lundqvist without a rebound.
16:06 of 1st period - Tomas Plekanec wins face-off versus Brandon Sutter in Canucks zone.
16:27 of 1st period - Shot by Corey Perry.
16:27 of 1st period - Goal by Corey Perry - Lightning : 1 - Canucks : 2.
16:28 of 1st period - Brooks Laich wins face-off versus Maxime Talbot in neutral zone.
16:52 of 1st period - Loui Eriksson is hit by Andrej Meszaros and loses puck.
16:56 of 1st period - Brooks Laich is hit by Andrej Meszaros and loses puck.
17:47 of 1st period - Shot by Corey Perry.
17:47 of 1st period - Shot Misses the Net.
17:49 of 1st period - Shot by James van Riemsdyk.
17:49 of 1st period - Stopped by Cory Schneider with a rebound.
17:51 of 1st period - Shot by Erik Karlsson.
17:51 of 1st period - Shot Misses the Net.
17:53 of 1st period - Shot by Phil Kessel.
17:53 of 1st period - Deflect By Corey Perry.
17:53 of 1st period - Shot Misses the Net.
17:57 of 1st period - Shot by Corey Perry.
17:57 of 1st period - Shot Misses the Net.
18:16 of 1st period - Shot by Loui Eriksson.
18:16 of 1st period - Stopped by Cory Schneider without a rebound.
18:17 of 1st period - Brandon Sutter wins face-off versus Paul Stastny in Lightning zone.
18:17 of 1st period - Tomas Holmstrom is hit by Marek Zidlicky and loses puck.
18:49 of 1st period - Fedor Tyutin is hit by Paul Stastny and loses puck.
19:14 of 1st period - Duncan Keith is hit by Patrick Sharp and loses puck.
19:25 of 1st period - Minor Penalty to Brooks Laich for Hooking.
19:26 of 1st period - Tomas Plekanec wins face-off versus Ryan OReilly in Canucks zone.
19:27 of 1st period - Shot by Martin St. Louis.
19:27 of 1st period - Shot Blocked by Duncan Keith.
19:29 of 1st period - Shot by Brent Seabrook.
19:29 of 1st period - Shot Misses the Net.
19:31 of 1st period - Shot by Martin St. Louis.
19:31 of 1st period - Shot Blocked by Duncan Keith.
19:35 of 1st period - Shot by Tomas Plekanec.
19:35 of 1st period - Shot Misses the Net.
19:39 of 1st period - Shot by Patrick Kane.
19:39 of 1st period - Deflect By Martin St. Louis.
19:39 of 1st period - Shot Blocked by Duncan Keith.
19:41 of 1st period - Shot by Martin St. Louis.
19:41 of 1st period - Shot Blocked by Jannik Hansen.
19:43 of 1st period - Shot by Tomas Plekanec.
19:43 of 1st period - Shot Blocked by Jannik Hansen.

Period #2

0:01 of 2nd period - Tomas Plekanec wins face-off versus Brandon Sutter in neutral zone.
1:30 of 2nd period - Shot by Teddy Purcell.
1:30 of 2nd period - Deflect By Scott Hartnell.
1:30 of 2nd period - Stopped by Henrik Lundqvist without a rebound.
1:31 of 2nd period - Brooks Laich wins face-off versus R.J. Umberger in Canucks zone.
2:06 of 2nd period - Shot by David Backes.
2:06 of 2nd period - Stopped by Cory Schneider without a rebound.
2:07 of 2nd period - Marcel Goc wins face-off versus Phil Kessel in Lightning zone.
2:11 of 2nd period - Andrej Meszaros is hit by Matthew Carle and loses puck.
2:29 of 2nd period - Icing by Erik Karlsson.
2:30 of 2nd period - Phil Kessel wins face-off versus Paul Stastny in Canucks zone.
2:37 of 2nd period - Icing by Matthew Carle.
2:38 of 2nd period - Phil Kessel wins face-off versus Paul Stastny in Canucks zone.
3:01 of 2nd period - Shot by Martin Havlat.
3:01 of 2nd period - Shot Misses the Net.
3:57 of 2nd period - Fedor Tyutin is hit by Tomas Plekanec and loses puck.
4:29 of 2nd period - Off-side.
4:30 of 2nd period - Ryan OReilly wins face-off versus R.J. Umberger in neutral zone.
4:30 of 2nd period - Ryan OReilly is hit by Scott Hartnell.
4:37 of 2nd period - Ryan OReilly is hit by Tim Gleason and loses puck.
5:10 of 2nd period - Shot by Teddy Purcell.
5:10 of 2nd period - Shot Blocked by Kris Russell.
5:12 of 2nd period - Shot by Scott Hartnell.
5:12 of 2nd period - Stopped by Henrik Lundqvist with a rebound.
5:44 of 2nd period - Shot by Paul Stastny.
5:44 of 2nd period - Shot Misses the Net.
5:46 of 2nd period - Shot by Marek Zidlicky.
5:46 of 2nd period - Stopped by Henrik Lundqvist with a rebound.
5:50 of 2nd period - Shot by Patrick Sharp.
5:50 of 2nd period - Shot Misses the Net.
5:54 of 2nd period - Shot by Patrick Sharp.
5:54 of 2nd period - Shot Misses the Net.
6:13 of 2nd period - Off-side.
6:14 of 2nd period - Tomas Plekanec wins face-off versus Phil Kessel in neutral zone.
7:10 of 2nd period - Shot by Scott Hartnell.
7:10 of 2nd period - Stopped by Henrik Lundqvist with a rebound.
8:19 of 2nd period - Shot by Martin Havlat.
8:19 of 2nd period - Stopped by Henrik Lundqvist without a rebound.
8:20 of 2nd period - Paul Stastny wins face-off versus Phil Kessel in Canucks zone.
8:24 of 2nd period - Icing by Matthew Carle.
8:25 of 2nd period - Paul Stastny wins face-off versus Phil Kessel in Canucks zone.
8:25 of 2nd period - Paul Stastny is hit by Erik Karlsson.
8:27 of 2nd period - Shot by Patrick Sharp.
8:27 of 2nd period - Stopped by Henrik Lundqvist with a rebound.
8:42 of 2nd period - Minor Penalty to Erik Karlsson for Roughing.
8:43 of 2nd period - Brandon Sutter wins face-off versus Tomas Plekanec in Canucks zone.
8:43 of 2nd period - Brandon Sutter is hit by Tomas Plekanec.
9:19 of 2nd period - Shot by Patrick Kane.
9:19 of 2nd period - Stopped by Henrik Lundqvist without a rebound.
9:20 of 2nd period - Ryan OReilly wins face-off versus Paul Stastny in Canucks zone.
9:20 of 2nd period - Kris Russell is hit by Paul Stastny and loses puck.
10:09 of 2nd period - Brandon Sutter is hit by Patrick Sharp.
10:49 of 2nd period - Erik Karlsson is hit by Maxime Talbot and loses puck.
11:08 of 2nd period - Minor Penalty to Maxime Talbot for Tripping.
11:09 of 2nd period - Brooks Laich wins face-off versus R.J. Umberger in Lightning zone.
12:04 of 2nd period - Shot by Loui Eriksson.
12:04 of 2nd period - Shot Blocked by Patrick Sharp.
12:22 of 2nd period - Shot by Phil Kessel.
12:22 of 2nd period - Goal by Phil Kessel - Lightning : 1 - Canucks : 3.
12:23 of 2nd period - Tomas Holmstrom wins face-off versus Paul Stastny in neutral zone.
12:25 of 2nd period - Fedor Tyutin is hit by Marek Zidlicky and loses puck.
12:42 of 2nd period - Shot by Paul Stastny.
12:42 of 2nd period - Shot Blocked by Dmitry Kulikov.
12:47 of 2nd period - Tomas Holmstrom is hit by Josh Gorges and loses puck.
12:58 of 2nd period - Shot by Tomas Holmstrom.
12:58 of 2nd period - Stopped by Cory Schneider without a rebound.
12:59 of 2nd period - R.J. Umberger wins face-off versus Ryan OReilly in Lightning zone.
12:59 of 2nd period - R.J. Umberger is hit by Ryan OReilly.
14:00 of 2nd period - Minor Penalty to Corey Perry for Tripping.
14:01 of 2nd period - Patrick Kane wins face-off versus Brandon Sutter in Canucks zone.
14:11 of 2nd period - Shot by Brent Seabrook.
14:11 of 2nd period - Stopped by Henrik Lundqvist without a rebound.
14:12 of 2nd period - Tomas Plekanec wins face-off versus Brandon Sutter in Canucks zone.
14:21 of 2nd period - Shot by Martin St. Louis.
14:21 of 2nd period - Stopped by Henrik Lundqvist without a rebound.
14:22 of 2nd period - Brandon Sutter wins face-off versus Paul Stastny in Canucks zone.
14:36 of 2nd period - Icing by Brent Seabrook.
14:37 of 2nd period - Brandon Sutter wins face-off versus Paul Stastny in Lightning zone.
15:08 of 2nd period - Shot by Brent Seabrook.
15:08 of 2nd period - Shot Blocked by Matthew Carle.
15:26 of 2nd period - Shot by Martin St. Louis.
15:26 of 2nd period - Shot Misses the Net.
16:08 of 2nd period - Shot by Loui Eriksson.
16:08 of 2nd period - Deflect By Brooks Laich.
16:08 of 2nd period - Shot Misses the Net.
16:46 of 2nd period - Icing by Duncan Keith.
16:47 of 2nd period - Brooks Laich wins face-off versus Marcel Goc in Canucks zone.
18:10 of 2nd period - Maxime Talbot is hit by Tomas Holmstrom and loses puck.
18:51 of 2nd period - Shot by Patrick Sharp.
18:51 of 2nd period - Stopped by Henrik Lundqvist without a rebound.
18:52 of 2nd period - Ryan OReilly wins face-off versus R.J. Umberger in Canucks zone.
19:09 of 2nd period - Shot by Loui Eriksson.
19:09 of 2nd period - Shot Blocked by Tim Gleason.
19:26 of 2nd period - Shot by Scott Hartnell.
19:26 of 2nd period - Stopped by Henrik Lundqvist without a rebound.
19:27 of 2nd period - Paul Stastny wins face-off versus Phil Kessel in Canucks zone.
19:34 of 2nd period - Shot by Patrick Sharp.
19:34 of 2nd period - Shot Misses the Net.
19:40 of 2nd period - Shot by Phil Kessel.
19:40 of 2nd period - Deflect By Corey Perry.
19:40 of 2nd period - Stopped by Cory Schneider without a rebound.
19:41 of 2nd period - Paul Stastny wins face-off versus Phil Kessel in Lightning zone.
19:41 of 2nd period - Paul Stastny is hit by James van Riemsdyk.
19:55 of 2nd period - Shot by Patrick Sharp.
19:55 of 2nd period - Shot Blocked by Erik Karlsson.
19:59 of 2nd period - Shot by Paul Stastny.
19:59 of 2nd period - Shot Blocked by Erik Karlsson.

Period #3

0:01 of 3rd period - Phil Kessel wins face-off versus Tomas Plekanec in neutral zone.
0:08 of 3rd period - Shot by Phil Kessel.
0:08 of 3rd period - Shot Misses the Net.
0:10 of 3rd period - Shot by Erik Karlsson.
0:10 of 3rd period - Shot Blocked by Brent Seabrook.
0:12 of 3rd period - Shot by James van Riemsdyk.
0:12 of 3rd period - Shot Misses the Net.
0:14 of 3rd period - Shot by Corey Perry.
0:14 of 3rd period - Shot Misses the Net.
0:16 of 3rd period - Shot by Matthew Carle.
0:16 of 3rd period - Stopped by Cory Schneider without a rebound.
0:17 of 3rd period - Brooks Laich wins face-off versus Paul Stastny in Lightning zone.
0:18 of 3rd period - Shot by Loui Eriksson.
0:18 of 3rd period - Shot Blocked by Paul Stastny.
0:20 of 3rd period - Shot by Brooks Laich.
0:20 of 3rd period - Stopped by Cory Schneider without a rebound.
0:21 of 3rd period - Paul Stastny wins face-off versus Brooks Laich in Lightning zone.
1:00 of 3rd period - Shot by Patrick Sharp.
1:00 of 3rd period - Stopped by Henrik Lundqvist without a rebound.
1:01 of 3rd period - Phil Kessel wins face-off versus Tomas Plekanec in Canucks zone.
1:50 of 3rd period - Tomas Plekanec is hit by Erik Karlsson and loses puck.
2:17 of 3rd period - R.J. Umberger is hit by Valtteri Filppula and loses puck.
2:40 of 3rd period - Shot by R.J. Umberger.
2:40 of 3rd period - Goal by R.J. Umberger - Lightning : 2 - Canucks : 3.
2:41 of 3rd period - Brooks Laich wins face-off versus Paul Stastny in neutral zone.
2:41 of 3rd period - Loui Eriksson is hit by Paul Stastny.
3:01 of 3rd period - Patrick Sharp is hit by David Backes and loses puck.
3:22 of 3rd period - Shot by David Backes.
3:22 of 3rd period - Shot Misses the Net.
3:43 of 3rd period - Icing by Patrick Sharp.
3:44 of 3rd period - Paul Stastny wins face-off versus Brandon Sutter in Lightning zone.
4:40 of 3rd period - Icing by Barret Jackman.
4:41 of 3rd period - R.J. Umberger wins face-off versus Phil Kessel in Lightning zone.
4:54 of 3rd period - Icing by Erik Karlsson.
4:55 of 3rd period - Phil Kessel wins face-off versus Tomas Plekanec in Canucks zone.
5:12 of 3rd period - Shot by Corey Perry.
5:12 of 3rd period - Shot Misses the Net.
5:31 of 3rd period - Shot by Martin St. Louis.
5:31 of 3rd period - Shot Misses the Net.
5:35 of 3rd period - Shot by Martin St. Louis.
5:35 of 3rd period - Shot Misses the Net.
5:37 of 3rd period - Shot by Brent Seabrook.
5:37 of 3rd period - Shot Misses the Net.
6:12 of 3rd period - Shot by David Backes.
6:12 of 3rd period - Shot Misses the Net.
6:14 of 3rd period - Shot by David Backes.
6:14 of 3rd period - Stopped by Cory Schneider without a rebound.
6:15 of 3rd period - Brandon Sutter wins face-off versus R.J. Umberger in Lightning zone.
6:22 of 3rd period - Shot by Valtteri Filppula.
6:22 of 3rd period - Shot Blocked by Barret Jackman.
6:47 of 3rd period - Off-side.
6:48 of 3rd period - Marcel Goc wins face-off versus Brooks Laich in neutral zone.
7:03 of 3rd period - Brooks Laich is hit by Nick Spaling and loses puck.
8:30 of 3rd period - Shot by Patrick Sharp.
8:30 of 3rd period - Stopped by Henrik Lundqvist without a rebound.
8:31 of 3rd period - R.J. Umberger wins face-off versus Phil Kessel in Canucks zone.
8:37 of 3rd period - Icing by Erik Karlsson.
8:38 of 3rd period - R.J. Umberger wins face-off versus Phil Kessel in Canucks zone.
8:54 of 3rd period - Phil Kessel is hit by Tim Gleason and loses puck.
8:57 of 3rd period - Shot by Phil Kessel.
8:57 of 3rd period - Shot Misses the Net.
9:01 of 3rd period - Shot by Corey Perry.
9:01 of 3rd period - Shot Misses the Net.
9:15 of 3rd period - Shot by Teddy Purcell.
9:15 of 3rd period - Shot Misses the Net.
9:41 of 3rd period - Shot by Duncan Keith.
9:41 of 3rd period - Stopped by Cory Schneider without a rebound.
9:42 of 3rd period - Martin Havlat wins face-off versus Loui Eriksson in Lightning zone.
9:50 of 3rd period - Icing by Duncan Keith.
9:51 of 3rd period - Tomas Plekanec wins face-off versus Ryan OReilly in Canucks zone.
9:58 of 3rd period - Shot by Patrick Kane.
9:58 of 3rd period - Stopped by Henrik Lundqvist without a rebound.
9:59 of 3rd period - Paul Stastny wins face-off versus Brandon Sutter in Canucks zone.
10:00 of 3rd period - Shot by Patrick Sharp.
10:00 of 3rd period - Shot Misses the Net.
10:22 of 3rd period - Shot by Martin Havlat.
10:22 of 3rd period - Shot Blocked by Dmitry Kulikov.
10:28 of 3rd period - Shot by Patrick Sharp.
10:28 of 3rd period - Stopped by Henrik Lundqvist without a rebound.
10:29 of 3rd period - Tomas Plekanec wins face-off versus Brooks Laich in Canucks zone.
10:29 of 3rd period - Patrick Kane is hit by Alex Pietrangelo and loses puck.
10:42 of 3rd period - Shot by Tomas Plekanec.
10:42 of 3rd period - Shot Misses the Net.
10:56 of 3rd period - Off-side.
10:57 of 3rd period - Paul Stastny wins face-off versus Phil Kessel in neutral zone.
11:00 of 3rd period - Erik Karlsson is hit by Paul Stastny and loses puck.
11:08 of 3rd period - Marek Zidlicky is hit by Matthew Carle and loses puck.
11:23 of 3rd period - Shot by Phil Kessel.
11:23 of 3rd period - Shot Misses the Net.
11:25 of 3rd period - Shot by Matthew Carle.
11:25 of 3rd period - Stopped by Cory Schneider without a rebound.
11:26 of 3rd period - Tomas Holmstrom wins face-off versus R.J. Umberger in Lightning zone.
11:56 of 3rd period - Dmitry Kulikov is hit by Scott Hartnell and loses puck.
12:39 of 3rd period - Off-side.
12:40 of 3rd period - Phil Kessel wins face-off versus Martin Havlat in neutral zone.
12:49 of 3rd period - Shot by Corey Perry.
12:49 of 3rd period - Stopped by Cory Schneider without a rebound.
12:50 of 3rd period - Marcel Goc wins face-off versus Ryan OReilly in Lightning zone.
13:17 of 3rd period - Loui Eriksson is hit by Brent Seabrook and loses puck.
13:21 of 3rd period - Icing by Marcel Goc.
13:22 of 3rd period - Marcel Goc wins face-off versus James van Riemsdyk in Lightning zone.
13:22 of 3rd period - Marcel Goc is hit by Phil Kessel.
13:59 of 3rd period - Icing by Josh Gorges.
14:00 of 3rd period - Brandon Sutter wins face-off versus Paul Stastny in Lightning zone.
14:09 of 3rd period - Shot by Valtteri Filppula.
14:09 of 3rd period - Deflect By Brandon Sutter.
14:09 of 3rd period - Shot Misses the Net.
14:37 of 3rd period - Shot by Scott Hartnell.
14:37 of 3rd period - Shot Misses the Net.
15:02 of 3rd period - Barret Jackman is hit by Alex Pietrangelo and loses puck.
15:10 of 3rd period - Minor Penalty to Alex Pietrangelo for Holding Stick.
15:11 of 3rd period - Ryan OReilly wins face-off versus Patrick Kane in Canucks zone.
15:27 of 3rd period - Shot by Martin St. Louis.
15:27 of 3rd period - Stopped by Henrik Lundqvist without a rebound.
15:28 of 3rd period - Ryan OReilly wins face-off versus Paul Stastny in Canucks zone.
16:38 of 3rd period - Shot by Martin St. Louis.
16:38 of 3rd period - Shot Misses the Net.
17:03 of 3rd period - Shot by Tim Gleason.
17:03 of 3rd period - Shot Misses the Net.
17:05 of 3rd period - Shot by Andrej Meszaros.
17:05 of 3rd period - Stopped by Henrik Lundqvist with a rebound.
17:07 of 3rd period - Shot by Paul Stastny.
17:07 of 3rd period - Stopped by Henrik Lundqvist without a rebound.
17:08 of 3rd period - Brandon Sutter wins face-off versus Paul Stastny in Canucks zone.
17:19 of 3rd period - Shot by Patrick Sharp.
17:19 of 3rd period - Stopped by Henrik Lundqvist without a rebound.
17:20 of 3rd period - Paul Stastny wins face-off versus Phil Kessel in Canucks zone.
17:43 of 3rd period - Shot by Phil Kessel.
17:43 of 3rd period - Shot Blocked by Andrej Meszaros.
17:45 of 3rd period - Shot by Phil Kessel.
17:45 of 3rd period - Shot Misses the Net.
18:03 of 3rd period - Scott Hartnell is hit by Corey Perry and loses puck.
18:35 of 3rd period - Shot by Patrick Kane.
18:35 of 3rd period - Stopped by Henrik Lundqvist without a rebound.
18:36 of 3rd period - Brandon Sutter wins face-off versus Patrick Kane in Canucks zone.
18:52 of 3rd period - Minor Penalty to Tomas Plekanec for Boarding.
18:53 of 3rd period - Maxime Talbot wins face-off versus Brooks Laich in Lightning zone.
19:14 of 3rd period - Shot by Dmitry Kulikov.
19:14 of 3rd period - Shot Misses the Net.
19:18 of 3rd period - Shot by Brooks Laich.
19:18 of 3rd period - Shot Misses the Net.
19:20 of 3rd period - Shot by David Backes.
19:20 of 3rd period - Shot Misses the Net.
19:22 of 3rd period - Shot by James van Riemsdyk.
19:22 of 3rd period - Shot Blocked by Brent Seabrook.
19:24 of 3rd period - Shot by Brooks Laich.
19:24 of 3rd period - Deflect By James van Riemsdyk.
19:24 of 3rd period - Shot Misses the Net.
19:44 of 3rd period - Shot by Duncan Keith.
19:44 of 3rd period - Shot Misses the Net.
19:59 of 3rd period - Corey Perry is hit by Maxime Talbot and loses puck.


Output by the SimonT Hockey Simulator (STHS) for Stephane Roy -- Original Page W3C XHTML 1.0 Valid